 Dungeon Crawl Stone Soup version 0.19-a0-1008-g4c63d25 (webtiles) character file.

87 lorenzova the Sneak (level 4, -3/21 HPs)
             Began as a Spriggan Enchanter on July 23, 2016.
             Slain by no0bjke's ghost (6 damage)
             ... on level 3 of the Dungeon.
             The game lasted 00:03:31 (2289 turns).

lorenzova the Sneak (Spriggan Enchanter)            Turns: 2289, Time: 00:03:31

Health: -3/21      AC:  3    Str:  5    XL:     4   Next: 28%
Magic:  8/11       EV: 18    Int: 16    God:
Gold:   119        SH:  0    Dex: 16    Spells: 3 memorised, 5 levels left

rFire  . . .     SeeInvis +     a - +1 dagger
rCold  . . .     Gourm    .     b - +1 robe
rNeg   . . .     Faith    .     (shield restricted)
rPois  .         Spirit   .     (helmet restricted)
rElec  .         Dismiss  .     (no cloak)
rCorr  .         Reflect  .     (gloves unavailable)
SustAt .         Harm     .     (boots unavailable)
MR     .....                    l - amulet of regeneration
Stlth  +++.......               (no ring)
                                (no ring)

@: very quick, not resistant to hostile enchantments, fairly stealthy
A: unfitting armour, see invisible, herbivore 3, speed 3, slow metabolism 2
a: no special abilities


You were on level 3 of the Dungeon.
You were not hungry.

You visited 1 branch of the dungeon, and saw 3 of its levels.

You collected 119 gold pieces.

Inventory:

Hand Weapons
 a - a +1 dagger (weapon)
Armour
 b - a +1 robe (worn)
Jewellery
 l - an amulet of regeneration (around neck)
Scrolls
 f - 2 scrolls of remove curse {unknown}
 g - 2 scrolls of enchant armour {unknown}
 h - a scroll of fear {unknown}
 i - a scroll of teleportation {unknown}
 j - 2 scrolls of identify {unknown}
 n - a scroll of random uselessness {unknown}
 o - a scroll of immolation {unknown}
 p - 2 scrolls of amnesia {unknown}
 q - a scroll of recharging {unknown}
Potions
 e - 2 potions of brilliance {unknown}
 k - a potion of mutation {unknown}
 m - a potion of flight {unknown}
Books
 c - a book of Maledictions

   Spells                             Type                      Level
   a - Corona                         Hexes                        1
   b - Ensorcelled Hibernation        Hexes/Ice                    2
   c - Confuse                        Hexes                        3
   d - Tukima's Dance                 Hexes                        3
   e - Dazzling Spray                 Conjuration/Hexes            3
Comestibles
 d - 2 bread rations


   Skills:
 - Level 1.1 Short Blades
 - Level 3.0 Dodging
 + Level 5.1 Stealth
 * Level 4.3 Spellcasting
 * Level 4.7 Hexes


You had 5 spell levels left.
You knew the following spells:

 Your Spells              Type           Power        Failure   Level  Hunger
a - Corona                Hex            ###....      2%          1    None
b - Ensorcelled Hibernat  Hex/Ice        ##....       12%         2    ##.....
c - Confuse               Hex            ###.....     10%         3    ###....


Dungeon Overview and Level Annotations

Branches:
Dungeon (3/15)

Altars:

Annotations:
D:3 no0bjke's ghost, amateur GrFi


Innate Abilities, Weirdness & Mutations

You are tiny and cannot use many weapons and most armour.
You have supernaturally acute eyesight. (SInv)
You are a herbivore.
You cover ground extremely quickly.
You need consume almost no food.


Message History

a hand axe; a leather armour Memorise Confuse, consuming 3 spell levels and leaving 5?
You start memorising the spell.
You continue memorising. x3
You finish memorising.
Spell assigned to 'c'.
Things that are here:
a hand axe; a leather armour You swing at nothing.
You hit no0bjke's ghost but do no damage.
No0bjke's ghost hits you!
You hit no0bjke's ghost but do no damage.
No0bjke's ghost hits you.
You hit no0bjke's ghost but do no damage.
No0bjke's ghost misses you.
You hit no0bjke's ghost but do no damage.
No0bjke's ghost closely misses you.
You closely miss no0bjke's ghost. No0bjke's ghost hits you!
* * * LOW HITPOINT WARNING * * *
You hit no0bjke's ghost but do no damage.
No0bjke's ghost hits you.
You die...

###############
#..(..W.......#
#.###########.#
#.#
#.#############
#.#
#.W@..........#
#.#
#############.#
#.# #.# #)# #.#
#.# #.# #.# #.#
#)# #.# #.# #.#
##.# #.#


You could see no0bjke's ghost.

Vanquished Creatures
  A worker ant (D:3)
  An ooze (D:3)
  A dart slug (D:2)
  3 giant geckos (D:1)
  5 orcs (D:3)
  3 giant cockroaches
  7 goblins
  3 hobgoblins
  5 jackals
  A quokka (D:2)
  5 bats
  5 giant newts
  4 kobolds
  3 rats
47 creatures vanquished.

Notes
Turn   | Place    | Note
-------+----------+-------------------------------------------
     0 | D:1      | lorenzova the Spriggan Enchanter began the quest for the Orb.
     0 | D:1      | Reached XP level 1. HP: 9/9 MP: 5/5
   372 | D:1      | Reached XP level 2. HP: 12/13 MP: 7/7
   376 | D:1      | Learned a level 2 spell: Ensorcelled Hibernation
  1388 | D:2      | Reached XP level 3. HP: 14/16 MP: 7/9
  1654 | D:2      | Reached skill level 5 in Stealth
  2162 | D:3      | Noticed no0bjke's ghost (amateur GrFi)
  2179 | D:3      | Reached XP level 4. HP: 21/21 MP: 1/11
  2252 | D:3      | Learned a level 3 spell: Confuse
  2289 | D:3      | Slain by no0bjke's ghost

Vault maps used:
D:1:      scummos_arrival_simple_fountains, minivault_19, st_stairs_6,
          minmay_close_crescents
D:3:      kennysheep_nub, minmay_misc_feat_more_columns

Skill      XL: |  1  2  3 |
---------------+----------+-----
Spellcasting   | 3 4 |  4.3
Hexes          | 4 |  4.7
Stealth        | 5 |  5.1
Short Blades   | |  1.1
Dodging        | |  3.0

Action                   |  1- 3 |  4- 6 || total
-------------------------+-------+-------++-------
Melee: Dagger            |   166 |     7 ||   173
 Cast: Corona            |     5 |       ||     5
       Ensorcelled Hiber |    10 |     1 ||    11
 Stab: Sleeping          |    17 |     1 ||    18
Armor: Robe              |    24 |       ||    24
Dodge: Dodged            |   129 |     2 ||   131
